Cogmind - Beta 16 @@@ ROGUE MODE // 2025.11.27 @ 18:54:18 Player: aloola Result: Destroyed by H-77 Assassin with High-powered Shotgun Performance ------------- Evolutions (7) 3500 Regions Visited (17) 3400 Robots Destroyed (169) 845 Value Destroyed (8305) 8305 Prototype IDs (28) 560 Alien Tech Used (0) 0 Bonus (5269) 5269 TOTAL SCORE: 21879 Bonus ------- Triggered High Security 500 High Alert Combat Kills 1392 Follower Combat Kills 2031 Registered with UFD 300 Met Optimus in HQ 500 Met Data Miner 300 Built Enhanced Grunts 300 A7 Reached Mainframe 300 Friendly Fire -354 Cogmind --------- Core Integrity 0/1300 Matter 300/300 Energy 100/100 System Corruption 18% Temperature Cool (0) Movement Core (50) Location -3/Armory Parts ------- > --- POWER (2) -------- (None) > --- PROPULSION (6) --- (None) > --- UTILITY (9) ------ Advanced Terrain Scan Processor > --- WEAPON (4) ------- (None) > --- INVENTORY (5) ---- Improved Transmission Jammer Improved Remote Force Field Enhanced Nova Cannon Micro-nuke Launcher Plasma Cutter Peak State ------------ > --- POWER ------------ Quantum Reactor Quantum Reactor > --- PROPULSION ------- Heavy Shield Leg Heavy Shield Leg Heavy Shield Leg > --- UTILITY ---------- Advanced Cryofiber Web Advanced Heat Sink Large Storage Unit Advanced Terrain Scanner Advanced Terrain Scan Processor 0b10 Decoder Chip [Scout] Advanced Targeting Computer Hacking Suite Hacking Suite > --- WEAPON ----------- Enhanced Quantum Rifle Enhanced Quantum Rifle Enhanced Quantum Rifle Enhanced Quantum Rifle > --- INVENTORY -------- Quantum Reactor Quantum Reactor Heavy Shield Leg Heavy Shield Leg Heavy Shield Leg Improved Transmission Jammer Layered Medium Armor Plating Improved Remote Force Field Enhanced Nova Cannon Enhanced Nova Cannon Micro-nuke Launcher Plasma Cutter [Rating: 155] Favorites ----------- Power Improved Deuterium Engine Engine Improved Deuterium Engine Power Core Reinforced Fission Core Reactor Quantum Reactor Propulsion Flexi-carbon Leg Treads Light Treads Leg Flexi-carbon Leg Wheel Compact Wheel Utility Large Storage Unit Device Advanced Heat Sink Storage Large Storage Unit Processor Advanced Targeting Computer Hackware Improved Hacking Suite Protection Improved Medium Armor Plating Weapon Cooled Plasma Rifle Energy Gun Cooled Plasma Rifle Energy Cannon Heavy Plasma Cannon Ballistic Gun Light Assault Rifle Ballistic Cannon Hardcell Cannon Launcher Scatter Rocket Array Impact Weapon Makeshift Hammer Slashing Weapon Segregator Build | -11 -10 -10 -8 -6 -6 -6 -6 -5 -5 -5 -5 -5 -4 -4 -4 -3 -3 ------- Run | Yrd Mat Sub Scr Fac Low Low Dat Pro Fac Ext Cet Arc Fac Upp Upp Res Arm Slots Evolved 14 | . . . . 8 . . . . 2 . . . 2 . . 2 . Power 1 | . . . . . . . . . 1 . . . . . . . . Propulsion 4 | . . . . 3 . . . . . . . . 1 . . . . Utility 7 | . . . . 3 . . . . 1 . . . 1 . . 2 . Weapon 2 | . . . . 2 . . . . . . . . . . . . . Parts Attached 177 | 9 1 1 6 35 1 . . 8 28 16 5 4 31 . 3 4 25 Power 20 | 1 . . 1 2 . . . 2 2 1 1 1 3 . . . 6 Engine 7 | 1 . . 1 2 . . . 1 1 . . . 1 . . . . Core 4 | . . . . . . . . 1 1 1 . . 1 . . . . Reactor 9 | . . . . . . . . . . . 1 1 1 . . . 6 Propulsion 63 | 4 . . . 12 . . . 3 12 5 2 1 11 . 3 . 10 Treads 10 | 2 . . . 4 . . . 2 1 . . . . . . . 1 Leg 52 | 2 . . . 8 . . . 1 10 5 2 1 11 . 3 . 9 Wheel 1 | . . . . . . . . . 1 . . . . . . . . Hover . | . . . . . . . . . . . . . . . . . . Flight . | . . . . . . . . . . . . . . . . . . Utility 44 | 2 1 1 2 11 . . . 1 7 5 2 . 9 . . 3 . Device 18 | 1 . 1 1 6 . . . . 3 2 . . 4 . . . . Storage 7 | 1 1 . 1 . . . . . 1 . . . 2 . . 1 . Processor 4 | . . . . 1 . . . . 1 . . . . . . 2 . Hackware 4 | . . . . 1 . . . . . . 1 . 2 . . . . Protection 11 | . . . . 3 . . . 1 2 3 1 . 1 . . . . Artifact . | . . . . . . . . . . . . . . . . . . Weapon 50 | 2 . . 3 10 1 . . 2 7 5 . 2 8 . . 1 9 Energy Gun 24 | 1 . . . 6 . . . . 4 2 . 1 3 . . 1 6 Energy Cannon 7 | . . . 1 1 1 . . . . . . 1 2 . . . 1 Ballistic Gun 10 | 1 . . 2 1 . . . 1 3 1 . . . . . . 1 Ballistic Cannon 4 | . . . . 1 . . . . . 2 . . 1 . . . . Launcher 3 | . . . . 1 . . . . . . . . 2 . . . . Special Weapon . | . . . . . . . . . . . . . . . . . . Impact Weapon 1 | . . . . . . . . 1 . . . . . . . . . Slashing Weapon 1 | . . . . . . . . . . . . . . . . . 1 Piercing Weapon . | . . . . . . . . . . . . . . . . . . Special Melee Weapon . | . . . . . . . . . . . . . . . . . . Unidentified Prototypes 15 | . . . . 3 . . . . 2 . 1 2 7 . . . . Corrupted Parts 8 | . . . . . . . . . 3 1 . 1 . . 1 1 1 System Corruption 27 | . . . . . . . . . 14 2 . 2 . . 3 3 3 Parts Lost 64 | . . . . 17 . . . 9 4 5 . . 7 . . 1 21 Power 8 | . . . . 1 . . . 1 . 2 . . 1 . . . 3 Propulsion 18 | . . . . 4 . . . 4 3 . . . 1 . . . 6 Utility 18 | . . . . 5 . . . . 1 1 . . 2 . . . 9 Weapon 20 | . . . . 7 . . . 4 . 2 . . 3 . . 1 3 Highest Loss Streak 14 | . . . . 5 . . . 4 2 2 . . 2 . . 1 14 To Critical Strikes 2 | . . . . . . . . . . . . . . . . . 2 Average Backups 12 | 4 6 11 12 11 12 13 13 12 13 13 15 14 14 14 14 14 11 Power 2 | . 1 2 2 2 1 2 2 1 1 1 1 2 1 2 2 2 1 Propulsion 1 | 2 3 1 1 . . . . . . 2 3 3 3 4 4 5 4 Utility 4 | . 1 4 5 4 6 7 7 7 6 4 4 4 4 5 5 4 3 Weapon 3 | . 1 2 3 2 2 3 3 2 3 3 5 4 4 2 2 1 2 Tool/Special . | . . . . . . . . . . . . . . . . . . Unused Backups 35 | . . 2 9 3 1 . . . 1 5 3 . 3 . . . 8 Power 7 | . . . 3 1 . . . . . . 1 . . . . . 2 Propulsion 12 | . . 2 . . 1 . . . . 4 1 . 1 . . . 3 Utility 8 | . . . 3 1 . . . . 1 . 1 . 1 . . . 1 Weapon 7 | . . . 3 1 . . . . . 1 . . 1 . . . 1 Tool/Special 1 | . . . . . . . . . . . . . . . . . 1 Average Slot Usage (%) 95 | . 100 100 99 91 97 100 100 87 90 92 89 95 99 100 100 97 79 Engine 7 | . 14 14 14 6 6 6 6 5 7 7 . . . 5 5 4 . Reactor 1 | . . . . . . . . . . . 3 9 8 5 5 4 7 Treads 10 | . 28 28 28 5 6 6 6 9 8 . . . . . . . . Leg 17 | . . . . 26 26 26 26 17 15 29 29 29 30 31 31 28 15 Device 9 | . 14 14 13 15 3 6 6 6 5 6 2 . 4 10 10 9 11 Storage 7 | . 14 14 14 6 6 6 6 6 5 5 5 5 5 5 5 4 3 Processor 4 | . . . . 2 6 6 6 6 8 5 5 5 5 5 5 11 12 Hackware 4 | . . . . 1 6 6 6 6 5 5 7 11 10 10 10 9 8 Protection 3 | . . . . 3 6 6 6 6 4 4 11 11 9 5 5 4 . Energy Gun 10 | . 14 14 10 14 6 6 6 3 8 10 11 10 11 14 14 10 12 Energy Cannon 4 | . . . 3 1 10 13 13 8 3 . . 4 4 5 5 7 1 Ballistic Gun 7 | . 14 14 14 3 6 6 6 3 6 8 . 2 . . . . 1 Peak Build Rating 155 | 7 7 11 22 76 58 58 58 61 84 83 88 99 123 116 121 129 155 Average Rating 61 | 5 7 10 13 59 57 58 58 54 69 76 84 95 118 115 118 125 130 On Entrance 63 | . 7 7 11 18 55 58 58 58 52 78 82 85 99 115 116 121 129 Avg Prop Armor Cover (%) 6 | . . . . 6 5 5 5 7 13 3 . . 2 . . . . Naked Turns . | . . . . . . . . . . . . . . . . . . Heaviest Build 108 | 12 27 27 46 63 59 59 59 60 75 95 92 104 108 85 85 85 94 Greatest Support 180 | 40 40 40 40 112 60 60 60 60 85 95 90 98 151 138 148 148 180 Greatest Overweight (x) 3 | . . . 1 1 . . . 1 3 1 1 1 . . . . 1 Average Overweight (x) . | . . . . . . . . . 1 . . . . . . . . Largest Inventory Capacity 30 | 8 15 15 15 15 15 15 15 15 30 15 15 15 15 15 15 15 15 Average Capacity 14 | 7 13 15 15 15 15 15 15 15 15 15 15 15 15 15 15 15 14 Most Carried 15 | 6 7 15 15 15 15 15 15 15 15 15 15 15 15 14 15 15 15 Average Carried 14 | 5 6 13 14 12 14 15 15 14 14 13 15 14 14 14 14 14 13 Final Capacity 15 | 8 15 15 15 15 15 15 15 15 15 15 15 15 15 15 15 15 5 Final Carried 15 | 6 7 15 15 9 15 15 15 15 15 15 15 15 14 14 15 15 5 Class Distribution -------------------- 34% | Mutant 33% | Scavenger-Gunner 18% | Scavenger-Tank 4% | Scavenger-Mutant Dominant Class ---------------- Mutant | -10/Materials Mutant | -10/Subcaves Mutant | -8/Scraptown Gunner | -6/Factory Scavenger-Gunner | -6/Lower Caves Scavenger-Gunner | -6/Lower Caves Scavenger-Gunner | -6/Data Miner Scavenger-Gunner | -5/Proximity Caves Scavenger-Gunner | -5/Factory Scavenger-Tank | -5/Extension Scavenger-Tank | -5/Cetus Scavenger-Tank | -5/Archives Scavenger-Tank | -4/Factory Scavenger-Gunner | -4/Upper Caves Scavenger-Gunner | -4/Upper Caves Scavenger-Gunner | -3/Research Hacker-Skirmisher | -3/Armory Resources | -11 -10 -10 -8 -6 -6 -6 -6 -5 -5 -5 -5 -5 -4 -4 -4 -3 -3 ----------- Run | Yrd Mat Sub Scr Fac Low Low Dat Pro Fac Ext Cet Arc Fac Upp Upp Res Arm Matter Collected 4644 | 314 6 36 50 655 104 12 . 268 837 789 118 130 655 45 62 107 456 Remotely . | . . . . . . . . . . . . . . . . . . Salvage Created 8841 | 220 17 67 . 1292 246 134 . 676 1603 930 53 80 1766 . 219 326 1212 Parts 340 | 17 1 4 . 44 6 2 . 19 65 30 . 3 68 . 6 15 60 Haulers Intercepted 1 | . . . . . . . . . 1 . . . . . . . . Recyclers Shooed 19 | . . . . 7 . . . . 3 4 . . 5 . . . . Parts Field Recycled . | . . . . . . . . . . . . . . . . . . Retrieved Matter . | . . . . . . . . . . . . . . . . . . Parts Self-Destructed 37 | . . 9 . . 5 3 . 17 . . . . . . 3 . . Prevented 3 | . . . . . . 1 . . . . . . . . 2 . . Parts Restored . | . . . . . . . . . . . . . . . . . . Kills | -11 -10 -10 -8 -6 -6 -6 -6 -5 -5 -5 -5 -5 -4 -4 -4 -3 -3 ------- Run | Yrd Mat Sub Scr Fac Low Low Dat Pro Fac Ext Cet Arc Fac Upp Upp Res Arm Combat Hostiles Destroyed 130 | . . 2 . 19 6 2 . 17 18 9 1 1 24 . 3 2 26 Guns 67 | . . 2 . 12 2 . . 7 14 3 1 . 12 . 2 1 11 Cannons 32 | . . . . 7 1 1 . 2 3 4 . 1 7 . . 1 5 AOE 25 | . . . . . 2 . . 6 . 1 . . 5 . 1 . 10 Classes Destroyed 21 | 3 . 1 . 7 1 . . 3 2 1 . . . . . . 3 Worker 9 | 1 1 . . 1 . . . . 1 2 . . 1 . . 2 . Builder 3 | . . . . 2 . . . . . 1 . . . . . . . Tunneler 7 | 6 . . . . . . . . . 1 . . . . . . . Hauler 1 | . . . . . . . . . 1 . . . . . . . . Recycler 12 | 1 . . . 2 . . . . 2 2 . . 4 . . 1 . Carrier 1 | . . . . . . . . . . 1 . . . . . . . Operator 1 | . . . . . . . . . 1 . . . . . . . . Watcher 3 | . . . . 2 . . . . . . . . . . . . 1 Swarmer 26 | . . . . 3 . . . 7 . . . . 4 . . . 12 Saboteur 2 | . . . . . . . . . . . . . . . . . 2 Grunt 47 | . . . . 10 4 1 . 5 8 2 . . 7 . 3 . 7 Brawler 4 | . . . . . . . . 1 1 1 . . 1 . . . . Duelist 1 | . . . . . 1 . . . . . . . . . . . . Protector 1 | . . . . . . . . 1 . . . . . . . . . Sentry 17 | . . . . 3 1 1 . 2 3 1 . 1 3 . . 1 1 Specialist 1 | . . . . . . . . . . . . . . . . . 1 Hunter 7 | . . . . 1 . . . . 2 1 . . 2 . . 1 . Programmer 14 | . . . . 2 . . . . 4 1 . . 5 . . . 2 Heavy 1 | . . . . . . . . . . . . . . . . . 1 Behemoth 4 | . . . . . . . . 1 . 2 . . 1 . . . . Cetus Guard 1 | . . . . . . . . . . . 1 . . . . . . Enhanced Grunt 1 | . . . . . . . . . . . . . 1 . . . . Subdweller 2 | . . 2 . . . . . . . . . . . . . . . Thug 1 | . . . . . . . . . . 1 . . . . . . . Savage 1 | . . . . . . . . . . 1 . . . . . . . Guerrilla 1 | . . . . . . . . . . 1 . . . . . . . Best Kill Streak 11 | 1 1 1 . 7 4 2 . 6 6 6 1 1 11 . 3 4 8 Combat Bots Only 10 | . . 1 . 6 4 2 . 6 6 2 1 1 10 . 3 1 7 Max Kills in Single Turn 5 | 1 1 1 . 2 2 1 . 4 2 4 1 1 4 . 1 1 5 Gunslinging 1 | . . . . . . . . . 1 . . . . . . . . Exploded 5 | . . . . . 2 . . 4 . 1 . . 3 . 1 . 5 Melee . | . . . . . . . . . . . . . . . . . . Uniques/NPCs Destroyed . | . . . . . . . . . . . . . . . . . . Combat | -11 -10 -10 -8 -6 -6 -6 -6 -5 -5 -5 -5 -5 -4 -4 -4 -3 -3 -------- Run | Yrd Mat Sub Scr Fac Low Low Dat Pro Fac Ext Cet Arc Fac Upp Upp Res Arm Hostile Shots Fired 1394 | . 1 22 2 191 6 19 . 67 111 92 2 2 210 2 20 14 633 Missed 433 | . . 6 1 60 3 11 . 19 20 38 1 2 82 . 8 5 177 Deflected 11 | . . . . . . . . . . . . . . . . . 11 Hits 961 | . 1 16 1 131 3 8 . 48 91 54 1 . 128 2 12 9 456 Melee 4 | . . . . . . . . . 2 . . . . . . . 2 Projectile 957 | . 1 16 1 131 3 8 . 48 89 54 1 . 128 2 12 9 454 Critical Strikes 32 | . . 1 . 3 . . . 1 4 4 . . 8 1 . 1 9 Part Disruptions 2 | . . . . . . . . . 1 . . . . . . . 1 Damage Taken 16715 | . 12 331 22 2165 89 64 . 1083 1854 1073 14 . 3010 45 242 276 6435 Core 2540 | . . 58 . 195 . 12 . 154 149 87 . . 553 . 26 . 1306 Absorbed by Shields 356 | . . . . 44 . . . . . 181 13 . 78 . . . 40 Core Remaining (%) 71 | 100 . . 76 . . . . 57 . . . 76 . . 49 . . Volleys Fired 387 | 24 1 16 . 68 6 6 . 24 70 38 4 3 55 . 6 8 58 Largest 4 | 2 2 2 . 4 4 4 . 4 4 4 3 3 4 . 4 4 4 Hottest 320 | 70 70 70 . 258 267 267 . 269 271 158 158 158 320 . 320 316 315 Shots Fired 1064 | 48 2 32 . 150 20 15 . 76 202 121 14 9 171 1 19 21 163 Gun 797 | 48 2 32 . 112 11 6 . 41 176 96 10 6 98 . 15 6 138 Cannon 254 | . . . . 38 8 9 . 33 26 23 4 3 69 1 4 15 21 Launcher 13 | . . . . . 1 . . 2 . 2 . . 4 . . . 4 Special . | . . . . . . . . . . . . . . . . . . Kinetic 317 | 24 1 16 . 60 6 3 . 17 84 63 4 3 31 . . . 5 Thermal 596 | 24 1 16 . 64 10 9 . 48 70 48 10 6 111 . 15 13 151 Explosive 13 | . . . . . 1 . . 2 . 2 . . 4 . . . 4 Electromagnetic 138 | . . . . 26 3 3 . 9 48 8 . . 25 1 4 8 3 Robot Hit Streak 30 | 11 3 14 . 30 6 7 . 15 20 12 4 6 19 . 21 11 13 Robot Miss Streak 10 | 3 . 2 . 4 1 2 . 3 4 10 2 5 6 . 1 6 6 Penetration Max 1 | . . . . 1 . . . . 1 1 . . . . . . . Secondary Targets 7 | . . . . 2 . . . . 1 1 . . . . 1 . 2 Max Gunslinging Chain 1 | . . . . 1 . . . . 1 1 . . . . 1 . 1 Shots Hit Robots 711 | 32 1 25 . 114 14 9 . 56 143 76 9 6 112 . 17 12 85 Core Hits 452 | 13 1 6 1 73 25 3 . 67 51 63 5 2 68 . 11 14 49 Critical Kills 5 | . . 1 . . . 1 . 1 1 1 . . . . . . . Critical Parts Destroyed . | . . . . . . . . . . . . . . . . . . Critical Strikes 30 | 3 . 4 . 4 . 1 . 1 5 3 . . 4 . 2 . 3 Burn 16 | 3 . 3 . . . . . . 3 2 . . . . 2 . 3 Meltdown 3 | . . . . . . 1 . 1 1 . . . . . . . . Destroy 2 | . . 1 . . . . . . . 1 . . . . . . . Blast 7 | . . . . 3 . . . . . . . . 4 . . . . Corrupt 2 | . . . . 1 . . . . 1 . . . . . . . . Melee Attacks . | . . . . . . . . . . . . . . . . . . Impact . | . . . . . . . . . . . . . . . . . . Slashing . | . . . . . . . . . . . . . . . . . . Piercing . | . . . . . . . . . . . . . . . . . . Sneak Attacks . | . . . . . . . . . . . . . . . . . . Combat Hostiles . | . . . . . . . . . . . . . . . . . . Follow-up Attacks . | . . . . . . . . . . . . . . . . . . Damage Inflicted 24400 | 355 19 257 5 3142 699 217 . 2228 3687 3271 405 246 4668 . 694 547 3960 Guns 14098 | 355 12 257 . 2396 168 71 . 831 2856 1558 136 85 2316 . 418 163 2476 Cannons 5409 | . . . . 599 160 146 . 576 724 732 269 122 1415 . 113 296 257 Explosions 4406 | . . . . . 371 . . 821 60 870 . . 806 . 163 88 1227 Melee . | . . . . . . . . . . . . . . . . . . Ramming 487 | . 7 . 5 147 . . . . 47 111 . 39 131 . . . . Kinetic 5753 | 117 . 97 . 998 59 18 . 332 1590 1378 269 122 716 . . . 57 Thermal 12158 | 238 12 160 . 1548 239 117 . 941 1600 822 136 85 2719 . 581 381 2579 Explosive 4007 | . . . . . 371 . . 821 . 870 . . 718 . . . 1227 Electromagnetic 1995 | . . . . 449 30 82 . 134 450 90 . . 384 . 113 166 97 Impact . | . . . . . . . . . . . . . . . . . . Slashing . | . . . . . . . . . . . . . . . . . . Piercing . | . . . . . . . . . . . . . . . . . . Highest Corruption 32 | . 2 2 . . . . . . 28 30 30 32 8 8 11 3 18 Average Corruption 14 | . 2 2 . . . . . . 16 28 30 31 2 8 9 3 8 Corruption Purged . | . . . . . . . . . . . . . . . . . . Corruption Blocked . | . . . . . . . . . . . . . . . . . . Effects 259 | . 1 9 . . . . . . 32 106 19 13 15 11 17 . 36 Message Errors 61 | . . 1 . . . . . . 8 23 5 5 4 1 6 . 8 Matter Fused 45 | . . . . . . . . . 7 17 6 1 . 2 5 . 7 Heat Flow Errors 36 | . 1 1 . . . . . . 6 16 . . 4 3 3 . 2 Energy Discharges 27 | . . 3 . . . . . . 5 8 1 3 . 2 1 . 4 Parts Rejected 5 | . . 1 . . . . . . 1 3 . . . . . . . Parts Fused 5 | . . . . . . . . . . 3 . . 1 . . . 1 Data Loss (minor) 34 | . . 2 . . . . . . 2 13 4 2 3 1 2 . 5 Data Loss (major) 7 | . . 1 . . . . . . . 4 . 1 . . . . 1 Misfires 12 | . . . . . . . . . 1 6 2 . 1 1 . . 1 Alerts 11 | . . . . . . . . . . 4 . 1 1 1 . . 4 Misdirections 4 | . . . . . . . . . 1 1 1 . . . . . 1 Weapon Failures 12 | . . . . . . . . . 1 8 . . 1 . . . 2 Overload Shots . | . . . . . . . . . . . . . . . . . . Overflow Damage 260 | . . . . 2 . . . 4 20 54 . . 70 . . . 110 Projectiles 86 | . . . . . . . . . 20 54 . . 12 . . . . Explosions 172 | . . . . . . . . 4 . . . . 58 . . . 110 Melee 2 | . . . . 2 . . . . . . . . . . . . . Knockbacks 19 | . . . . 7 . . . . 2 3 . . 7 . . . . Impact 7 | . . . . 2 . . . . 2 2 . . 1 . . . . Kinetic 11 | . . . . 5 . . . . . 1 . . 5 . . . . Secondary 1 | . . . . . . . . . . . . . 1 . . . . Self-Inflicted Damage 535 | . . . . . 31 . . 108 47 . . . 206 . . 64 79 Shots 12 | . . . . . 1 . . 5 1 . . . 3 . . 1 1 Rammed 5 | . 3 . 1 . . . . . . . . . . . . . 1 Targets Rammed 55 | . 3 . 1 15 . . . . 8 14 . 4 9 . . . 1 Kicked 50 | . . . . 15 . . . . 8 14 . 4 9 . . . . Crushed . | . . . . . . . . . . . . . . . . . . Highest Temperature 684 | 70 190 243 . 510 366 439 . 319 428 431 108 130 684 . 299 96 491 Average Temperature 136 | 25 79 63 . 121 188 172 . 107 152 113 41 59 162 . 136 43 218 Received Heat Transfer 2021 | . 6 60 12 618 27 24 . 234 246 148 . . 489 9 60 9 79 Effects 35 | . . . . 5 2 2 . . 7 1 . . 13 . . . 5 Shutdowns 6 | . . . . . . . . . 2 1 . . 3 . . . . Energy Bleed 2 | . . . . . . . . . 1 . . . . . . . 1 Interference 11 | . . . . 2 2 . . . 2 . . . 3 . . . 2 Matter Decay 1 | . . . . 1 . . . . . . . . . . . . . Short Circuit 2 | . . . . . . . . . . . . . 1 . . . 1 Damage (minor) 4 | . . . . 1 . . . . 2 . . . . . . . 1 Damage (major) 7 | . . . . 1 . 2 . . . . . . 4 . . . . Damage (core) 2 | . . . . . . . . . . . . . 2 . . . . Siege Activations . | . . . . . . . . . . . . . . . . . . Martial Activations . | . . . . . . . . . . . . . . . . . . Shielding Activations 2 | . . . . . . . . . . . . . . . . . 2 Total Turns 25 | . . . . . . . . . . . . . . . . . 25 Longest Duration 18 | . . . . . . . . . . . . . . . . . 18 Robots Disrupted . | . . . . . . . . . . . . . . . . . . Combat Hostiles . | . . . . . . . . . . . . . . . . . . Robots Corrupted 1 | . . . . 1 . . . . . . . . . . . . . Combat Hostiles . | . . . . . . . . . . . . . . . . . . Parts Fried 7 | . . . . 4 . . . . 1 1 . . 1 . . . . Impact Corruptions 1 | . . . . 1 . . . . . . . . . . . . . Robots Melted 6 | . . . . . 1 1 . 2 1 1 . . . . . . . Combat Hostiles 6 | . . . . . 1 1 . 2 1 1 . . . . . . . Parts Melted 45 | 2 . 1 . 5 3 . . 6 10 3 . . 6 . 1 1 7 Heat Transferred 20657 | 925 37 703 . 3250 450 225 . 1584 2558 1833 274 174 3777 . 819 512 3536 Parts Sabotaged 4 | . . . . . . . . . . . . . . . . . 4 Parts Stolen . | . . . . . . . . . . . . . . . . . . Parts Stripped . | . . . . . . . . . . . . . . . . . . Power Chain Reactions 3 | . . . . . . . . . 1 . . . . . 1 1 . Alert | -11 -10 -10 -8 -6 -6 -6 -6 -5 -5 -5 -5 -5 -4 -4 -4 -3 -3 ------- Run | Yrd Mat Sub Scr Fac Low Low Dat Pro Fac Ext Cet Arc Fac Upp Upp Res Arm Maximum Alert Level 5 | . . . . . . . . . 1 3 2 1 5 . . 2 2 Low Security (%) 54 | 100 100 . . 100 . . . . 61 57 . 72 40 . . . . Level 1 24 | . . . . . . . . . 38 22 41 27 11 . . 97 62 Level 2 15 | . . . . . . . . . . 18 58 . 26 . . 2 36 Level 3 . | . . . . . . . . . . 1 . . 1 . . . . Level 4 2 | . . . . . . . . . . . . . 12 . . . . Level 5 1 | . . . . . . . . . . . . . 5 . . . . High Security . | . . . . . . . . . . . . . 2 . . . . Max Security . | . . . . . . . . . . . . . . . . . . Peak Influence 1859 | 5 6 . . 121 . . . . 360 725 466 233 1859 . . 404 634 Initial 402 | . . . . . . . . . . 148 402 136 42 . . 399 196 Average 258 | . . . . 40 . . . . 132 214 402 171 506 . . 378 392 Influence Increases 7142 | 40 16 . . 585 130 40 . 355 668 1357 159 167 2420 . 70 115 1020 Destroy 0b10 Robot/C 3460 | . . . . 380 120 40 . 320 360 660 80 60 780 . 60 40 560 Destroy 0b10 Robot/NC 260 | 40 5 . . 35 . . . 5 25 55 5 . 70 . . 15 5 Destroy Leader 552 | . . . . 94 10 . . 30 82 76 . . 178 . 10 10 62 Allied During Kill 976 | . . . . . . . . . . 457 65 60 376 . . . 18 Successful Hack 64 | . 11 . . . . . . . 18 4 7 . 6 . . 18 . Disable Machine 900 | . . . . 60 . . . . 75 . . 45 645 . . . 75 Destroy Structure 675 | . . . . 1 . . . . 48 90 2 2 350 . . 32 150 Partial Spotted 45 | . . . . 15 . . . . . . . . 15 . . . 15 Lose Combat Pursuer 210 | . . . . . . . . . 60 15 . . . . . . 135 Influence Decreases 6564 | 40 16 . . 506 209 40 . 355 364 942 537 385 684 869 467 334 816 Entered New Map 2039 | . . . . . 30 . . . . 156 317 205 81 689 189 194 178 Time Decay 3485 | 40 16 . . 336 179 40 . 295 324 556 160 120 433 180 278 130 398 Lost Part 600 | . . . . 170 . . . 50 40 50 . . 70 . . 10 210 Lost Ally 440 | . . . . . . . . 10 . 180 60 60 100 . . . 30 Squads Dispatched 31 | . . . . 6 . . . 1 4 3 . . 12 . . . 5 Investigation 6 | . . . . 3 . . . . . . . . 3 . . . . Extermination 12 | . . . . 2 . . . . 3 . . . 5 . . . 2 Reinforcement 8 | . . . . 1 . . . . 1 2 . . 2 . . . 2 Assault 5 | . . . . . . . . 1 . 1 . . 2 . . . 1 Garrison . | . . . . . . . . . . . . . . . . . . Intercept . | . . . . . . . . . . . . . . . . . . Searches Triggered . | . . . . . . . . . . . . . . . . . . Data Miner Redirects 1 | . . . . . . . . . . . . . 1 . . . . Construction Impeded 3 | . . . . . . . . . . 2 . . 1 . . . . Haulers Reinforced 1 | . . . . . . . . . 1 . . . . . . . . Active Scanning Responses . | . . . . . . . . . . . . . . . . . . Cargo Convoy Interrupts . | . . . . . . . . . . . . . . . . . . Stealth | -11 -10 -10 -8 -6 -6 -6 -6 -5 -5 -5 -5 -5 -4 -4 -4 -3 -3 --------- Run | Yrd Mat Sub Scr Fac Low Low Dat Pro Fac Ext Cet Arc Fac Upp Upp Res Arm Distress Signals 21 | . 1 . . 1 . . . . 4 5 1 . 2 . . . 7 Communications Jammed . | . . . . . . . . . . . . . . . . . . Distress Signals . | . . . . . . . . . . . . . . . . . . Times Spotted 270 | . 7 2 4 32 6 3 . 18 29 38 5 6 44 1 4 2 69 Peak Tracking Total 20 | . 4 1 4 5 4 3 . 7 7 5 5 1 6 1 4 1 20 Tactical Retreats 6 | . . . . . . . . . 2 1 . . . . . . 3 Traps | -11 -10 -10 -8 -6 -6 -6 -6 -5 -5 -5 -5 -5 -4 -4 -4 -3 -3 ------- Run | Yrd Mat Sub Scr Fac Low Low Dat Pro Fac Ext Cet Arc Fac Upp Upp Res Arm Traps Triggered 9 | . 1 . . 4 . . . . . 4 . . . . . . . Indirectly . | . . . . . . . . . . . . . . . . . . Trap Hack Attempts . | . . . . . . . . . . . . . . . . . . Triggered . | . . . . . . . . . . . . . . . . . . Disarmed . | . . . . . . . . . . . . . . . . . . Reprogrammed . | . . . . . . . . . . . . . . . . . . Reused . | . . . . . . . . . . . . . . . . . . Traps Extracted . | . . . . . . . . . . . . . . . . . . Installed . | . . . . . . . . . . . . . . . . . . Triggered . | . . . . . . . . . . . . . . . . . . Most Traps Carried 2 | . . 2 2 . . . . . . . . . . . . . . Machines | -11 -10 -10 -8 -6 -6 -6 -6 -5 -5 -5 -5 -5 -4 -4 -4 -3 -3 ---------- Run | Yrd Mat Sub Scr Fac Low Low Dat Pro Fac Ext Cet Arc Fac Upp Upp Res Arm Machines Disabled 61 | . . . . 4 . . . . 5 1 . 3 43 . . . 5 Max in Single Turn 3 | . . . . 1 . . . . 1 . . 2 3 . . . 1 Garrison Access 2 | . . . . . . . . . . . . . 1 . . 1 . Machines Repaired . | . . . . . . . . . . . . . . . . . . Machines Dismantled . | . . . . . . . . . . . . . . . . . . Machines Sabotaged . | . . . . . . . . . . . . . . . . . . Overloaded Fab Kills . | . . . . . . . . . . . . . . . . . . Hacking | -11 -10 -10 -8 -6 -6 -6 -6 -5 -5 -5 -5 -5 -4 -4 -4 -3 -3 --------- Run | Yrd Mat Sub Scr Fac Low Low Dat Pro Fac Ext Cet Arc Fac Upp Upp Res Arm Machines Accessed 38 | . 2 2 2 7 . . 4 . 4 3 2 1 8 . . 3 . Terminals 18 | . 2 . . 2 . . . . 3 3 2 . 4 . . 2 . Fabricators 1 | . . . . 1 . . . . . . . . . . . . . Repair Stations 1 | . . . . 1 . . . . . . . . . . . . . Recycling Units 6 | . . . . 3 . . . . . . . . 3 . . . . Scanalyzers 1 | . . . . . . . . . 1 . . . . . . . . Garrison Access 2 | . . . . . . . . . . . . . 1 . . 1 . Total Hacks 117 | . 7 3 11 13 . . 24 . 8 5 2 25 15 . . 4 . Successful 82 | . 2 3 11 4 . . 24 . 2 1 2 25 6 . . 2 . Failed 34 | . 4 . . 9 . . . . 6 4 . . 9 . . 2 . Catastrophic 11 | . . . . 4 . . . . 1 3 . . 2 . . 1 . Database Lockouts 1 | . 1 . . . . . . . . . . . . . . . . Manual 45 | . 8 . 1 8 . . . . 3 5 4 2 12 . . 2 . Terminals 37 | . 7 . . 5 . . . . 5 5 2 . 10 . . 3 . Fabricators 2 | . . . . 2 . . . . . . . . . . . . . Repair Stations 2 | . . . . 2 . . . . . . . . . . . . . Recycling Units 8 | . . . . 4 . . . . . . . . 4 . . . . Scanalyzers 3 | . . . . . . . . . 3 . . . . . . . . Garrison Access 2 | . . . . . . . . . . . . . 1 . . 1 . Terminal Hacks 72 | . 2 3 11 1 . . 24 . 1 . 2 25 2 . . 1 . Record 39 | . . 1 4 . . . 7 . . . 1 25 . . . 1 . Part Schematic 11 | . . . . . . . 11 . . . . . . . . . . Robot Schematic 3 | . . . . . . . 3 . . . . . . . . . . Robot Analysis 8 | . 1 . 7 . . . . . . . . . . . . . . Prototype ID Bank 4 | . . . . . . . 3 . . . . . 1 . . . . Open Door 2 | . . 1 . . . . . . . . 1 . . . . . . Branch Access Points 1 | . . . . . . . . . . . . . 1 . . . . Locate Traps 3 | . 1 . . 1 . . . . 1 . . . . . . . . Release Object 1 | . . 1 . . . . . . . . . . . . . . . Fabricator Hacks . | . . . . . . . . . . . . . . . . . . Repair Station Hacks . | . . . . . . . . . . . . . . . . . . Recycling Unit Hacks . | . . . . . . . . . . . . . . . . . . Scanalyzer 1 | . . . . . . . . . 1 . . . . . . . . Retrieve Study 1 | . . . . . . . . . 1 . . . . . . . . Garrison Access Hacks 2 | . . . . . . . . . . . . . 1 . . 1 . Seal Access 2 | . . . . . . . . . . . . . 1 . . 1 . Unauthorized Hacks 7 | . . . . 3 . . . . . 1 . . 3 . . . . Terminals 2 | . . . . . . . . . . 1 . . 1 . . . . Botnet 2 | . . . . . . . . . . 1 . . 1 . . . . Fabricators . | . . . . . . . . . . . . . . . . . . Repair Stations . | . . . . . . . . . . . . . . . . . . Recycling Units 5 | . . . . 3 . . . . . . . . 2 . . . . Fedlink 5 | . . . . 3 . . . . . . . . 2 . . . . Scanalyzers . | . . . . . . . . . . . . . . . . . . Garrison Access . | . . . . . . . . . . . . . . . . . . Data Cores Recovered . | . . . . . . . . . . . . . . . . . . Used . | . . . . . . . . . . . . . . . . . . Hacking Detections 21 | . 2 . . 5 . . . . 4 3 . . 5 . . 2 . Full Trace Events 1 | . . . . . . . . . . . . . 1 . . . . Feedback Events . | . . . . . . . . . . . . . . . . . . Feedback Blocked . | . . . . . . . . . . . . . . . . . . Robot Schematics Acquired 3 | . . . . . . . 3 . . . . . . . . . . Robots Built . | . . . . . . . . . . . . . . . . . . Authchips . | . . . . . . . . . . . . . . . . . . Time . | . . . . . . . . . . . . . . . . . . Total Robot Build Rating . | . . . . . . . . . . . . . . . . . . Part Schematics Acquired 11 | . . . . . . . 11 . . . . . . . . . . Parts Built . | . . . . . . . . . . . . . . . . . . Authchips . | . . . . . . . . . . . . . . . . . . Time . | . . . . . . . . . . . . . . . . . . Total Part Build Rating . | . . . . . . . . . . . . . . . . . . Part Studies Acquired 1 | . . . . . . . . . 1 . . . . . . . . Parts Repaired . | . . . . . . . . . . . . . . . . . . Time . | . . . . . . . . . . . . . . . . . . Parts Recycled . | . . . . . . . . . . . . . . . . . . Recycled Matter . | . . . . . . . . . . . . . . . . . . Retrieved Matter . | . . . . . . . . . . . . . . . . . . Retrieved Components . | . . . . . . . . . . . . . . . . . . Parts Scanalyzed . | . . . . . . . . . . . . . . . . . . Part Schematics Acquired . | . . . . . . . . . . . . . . . . . . Parts Damaged . | . . . . . . . . . . . . . . . . . . Bothacking | -11 -10 -10 -8 -6 -6 -6 -6 -5 -5 -5 -5 -5 -4 -4 -4 -3 -3 ------------ Run | Yrd Mat Sub Scr Fac Low Low Dat Pro Fac Ext Cet Arc Fac Upp Upp Res Arm Used RIF Installer . | . . . . . . . . . . . . . . . . . . Robots Hacked . | . . . . . . . . . . . . . . . . . . Non-combat . | . . . . . . . . . . . . . . . . . . Combat . | . . . . . . . . . . . . . . . . . . Robot Hacks Applied . | . . . . . . . . . . . . . . . . . . Relay Couplers Released . | . . . . . . . . . . . . . . . . . . Fabnet Peak Effective % . | . . . . . . . . . . . . . . . . . . Robots Rewired 14 | . . . . . . . . 2 . 10 . . . . . . 2 Allies Hacked . | . . . . . . . . . . . . . . . . . . Hacks Repelled . | . . . . . . . . . . . . . . . . . . Allies | -11 -10 -10 -8 -6 -6 -6 -6 -5 -5 -5 -5 -5 -4 -4 -4 -3 -3 -------- Run | Yrd Mat Sub Scr Fac Low Low Dat Pro Fac Ext Cet Arc Fac Upp Upp Res Arm Total Allies 30 | . . . . . . . . 2 . 21 5 . . . . . 2 Largest Group 12 | . . . . . . . . 2 . 10 12 12 8 . . . 2 Highest-Rated Group 827 | . . . . . . . . 79 . 430 827 827 513 . . . 114 Highest-Rated Ally 159 | . . . . . . . . 49 . 159 153 153 96 . . . 64 Total Orders 35 | . . . . . . . . . . 7 . . 26 . . . 2 STAY 17 | . . . . . . . . . . 2 . . 14 . . . 1 FOLLOW 17 | . . . . . . . . . . 4 . . 12 . . . 1 GUARD 1 | . . . . . . . . . . 1 . . . . . . . Ally Attacks 450 | . . . . . . . . 7 . 272 37 23 101 . . . 10 Total Damage 10502 | . . . . . . . . 204 . 4882 752 716 3620 . . . 328 Kills 60 | . . . . . . . . . . 28 4 2 24 . . . 2 Allies Corrupted 1 | . . . . . . . . . . . . . 1 . . . . Allies Melted . | . . . . . . . . . . . . . . . . . . Intel | -11 -10 -10 -8 -6 -6 -6 -6 -5 -5 -5 -5 -5 -4 -4 -4 -3 -3 ------- Run | Yrd Mat Sub Scr Fac Low Low Dat Pro Fac Ext Cet Arc Fac Upp Upp Res Arm Active Infowar (turns) 10928 | 49 392 917 3241 517 347 1425 97 212 1226 1184 . . 185 . . 210 926 Sensors 85 | . . . . 85 . . . . . . . . . . . . . Terrain 5117 | . . 734 2919 . . . . . 382 56 . . 185 . . 94 747 Seismic 5196 | 49 392 183 322 517 347 1425 97 212 468 1184 . . . . . . . Decoding 1060 | . . . . . . . . . . . . . . . . 210 850 Machine Analysis 844 | . . . . . . . . . 844 . . . . . . . . Robot Analysis Total 8 | . 1 . 7 . . . . . . . . . . . . . . Derelict Logs Recovered 8 | . . . 4 . 3 1 . . . . . . . . . . . Drone Launches . | . . . . . . . . . . . . . . . . . . Drone Recoveries . | . . . . . . . . . . . . . . . . . . Decoded 0b10 Intel 21 | . . . . . . . . . . . . . . . . 2 19 Traps 12 | . . . . . . . . . . . . . . . . 2 10 Emergency Access 9 | . . . . . . . . . . . . . . . . . 9 Exploration | -11 -10 -10 -8 -6 -6 -6 -6 -5 -5 -5 -5 -5 -4 -4 -4 -3 -3 ------------- Run | Yrd Mat Sub Scr Fac Low Low Dat Pro Fac Ext Cet Arc Fac Upp Upp Res Arm Turns Passed 19419 | 360 392 917 4575 1355 564 1425 97 1200 1539 1885 338 251 2320 374 600 278 949 Spaces Moved 11175 | 171 231 522 2515 755 504 937 93 442 709 1121 178 164 1571 311 212 182 557 Core 167 | 4 . . . . . . . . . . . . . . . . 163 Treads 3512 | 142 231 522 2515 102 . . . . . . . . . . . . . Legs 7200 | 25 . . . 653 504 937 93 442 413 1121 178 164 1571 311 212 182 394 Wheels 296 | . . . . . . . . . 296 . . . . . . . . Hover . | . . . . . . . . . . . . . . . . . . Flight . | . . . . . . . . . . . . . . . . . . Fastest Speed 50 | 50 160 160 160 90 105 105 105 105 120 120 120 120 120 120 120 120 50 Average Speed 135 | 151 160 160 167 111 105 105 105 157 157 125 133 122 120 120 120 120 110 Slowest Speed 240 | 160 160 160 240 180 105 105 105 190 190 190 190 190 120 120 120 120 210 Overloaded Moves . | . . . . . . . . . . . . . . . . . . Propulsion Burnouts . | . . . . . . . . . . . . . . . . . . Robots Hopped . | . . . . . . . . . . . . . . . . . . Potential Cave-ins . | . . . . . . . . . . . . . . . . . . Cave-ins Triggered . | . . . . . . . . . . . . . . . . . . Exploration Rate (%) 48 | 9 26 26 96 18 69 85 75 57 9 84 75 91 34 55 16 6 34 Regions Visited 17 Branch Regions 12 Pre-discovered Areas 4 | . . . . 1 2 . 1 . . . . . . . . . . Known Exits Taken 2 | . . . . . . . . . . . . . 1 . . 1 . Unknown Exits Taken 15 | 1 1 1 1 1 1 1 1 1 1 1 1 1 . 1 1 . . Scrap Searched 10 | . . 2 3 . 3 1 . 1 . . . . . . . . . Spaces Dug 104 | . . . . . . 3 . 67 . . . . 4 . . . 30 Terrain Destroyed 416 | . . . . . 38 4 . 105 24 23 . 1 91 . 14 17 99 Melee . | . . . . . . . . . . . . . . . . . . Projectile 71 | . . . . . 2 4 . 11 18 5 . 1 14 . . 3 13 AOE 345 | . . . . . 36 . . 94 6 18 . . 77 . 14 14 86 Terrain Rammed . | . . . . . . . . . . . . . . . . . . Walls Destroyed . | . . . . . . . . . . . . . . . . . . Machines Disabled . | . . . . . . . . . . . . . . . . . . Actions | -11 -10 -10 -8 -6 -6 -6 -6 -5 -5 -5 -5 -5 -4 -4 -4 -3 -3 --------- Run | Yrd Mat Sub Scr Fac Low Low Dat Pro Fac Ext Cet Arc Fac Upp Upp Res Arm Total 14612 | 226 250 576 2888 1123 522 1367 92 882 978 1507 270 204 1874 311 541 221 780 Wait 2363 | 16 13 22 335 212 1 425 . 377 120 178 74 24 160 . 317 16 73 Move 11160 | 170 230 521 2515 754 503 936 92 441 708 1120 177 163 1571 310 211 181 557 Hop . | . . . . . . . . . . . . . . . . . . Pick Up 96 | 5 1 11 12 16 7 . . 5 7 10 3 1 7 . . 4 7 Fast Attach 97 | 8 . 1 4 15 . . . 4 19 10 . 3 18 . . 1 14 Attach 51 | 1 . . . 18 2 . . 3 5 2 . 1 7 . . 3 9 Detach 20 | 2 . . . 3 1 . . . 2 4 . . 6 . . . 2 Swap 106 | . 1 1 5 8 1 . . 7 19 11 5 2 18 1 5 5 17 Drop 152 | . 1 4 17 14 1 . . 3 20 20 7 3 24 . 2 3 33 Fire 387 | 24 1 16 . 68 6 6 . 24 70 38 4 3 55 . 6 8 58 Melee . | . . . . . . . . . . . . . . . . . . Ram 1 | . . . . . . . . . . . . . . . . . 1 Kick 49 | . . . . 15 . . . . 8 14 . 4 8 . . . . Crush 3 | . 3 . . . . . . . . . . . . . . . . Escape Stasis 8 | . . . . . . . . . . 8 . . . . . . . Rewire 119 | . . . . . . . . 18 . 92 . . . . . . 9 Trap . | . . . . . . . . . . . . . . . . . . Miscellaneous . | . . . . . . . . . . . . . . . . . . Route ------- -11/Scrapyard -10/Materials (discovered 2 exits: [*Mat] / *Sub) -10/Subcaves -8/Scraptown (discovered 2 exits: *Fac x2) -6/Factory -6/Lower Caves -6/Lower Caves (discovered 2 exits: *Fac / *Dat) -6/Data Miner -5/Proximity Caves -5/Factory (discovered 2 exits: *Fac / *Ext) -5/Extension (discovered 2 exits: *Fac / *Cet) -5/Cetus -5/Archives (discovered 3 exits: *Fac / [*Hub x2]) -4/Factory (discovered 2 exits: *Upp x2) -4/Upper Caves -4/Upper Caves -3/Research -3/Armory (discovered 1 exit: [Res]) History --------- Turn | Location | Event 5 | -11/Scrapyard | Discovered new exit (range 16) 361 | -11/Scrapyard | Entered Materials 362 | -10/Materials | Build established: Mutant 518 | -10/Materials | Discovered new exit (range 10) 570 | -10/Materials | Central database locked down 712 | -10/Materials | Discovered new exit (range 4) 753 | -10/Materials | Entered Subcaves 754 | -10/Subcaves | Approached by a straggling Scientist 1435 | -10/Subcaves | Scientist uncovered a shortcut to Scraptown 1670 | -10/Subcaves | Entered Scraptown 1670 | -8/Scraptown | System corruption cleaned by C-Scrubber 1814 | -8/Scraptown | Scanned Subdweller tech in exchange for log data 1818 | -8/Scraptown | Learned Research security intel 1821 | -8/Scraptown | Learned Factory interactive machine intel 1822 | -8/Scraptown | Learned Research emergency access door positions 1899 | -8/Scraptown | Discovered new exit (range 9) 2606 | -8/Scraptown | Visited Symbiants 2641 | -8/Scraptown | Visited Awakened 2799 | -8/Scraptown | Visited Spacefarers 2893 | -8/Scraptown | Visited Red Mages 2983 | -8/Scraptown | Visited Fellowship of the Rings 2996 | -8/Scraptown | Visited Shadow of the Wyrm 3175 | -8/Scraptown | Visited TADAMA 3252 | -8/Scraptown | Visited UFD Registry 3252 | -8/Scraptown | Registered with UFD as "Smoothshell" 3321 | -8/Scraptown | Visited LU-1G1's Boring Crew 3391 | -8/Scraptown | Visited Science Testing Area 3425 | -8/Scraptown | Visited Botcube Research 3589 | -8/Scraptown | Discovered new exit (range 5) 3645 | -8/Scraptown | Visited Analyses Database 3673 | -8/Scraptown | Visited Junk Repository 3723 | -8/Scraptown | Visited Scrap Suit Storage 3781 | -8/Scraptown | Visited Research Penetration Think Tank 3849 | -8/Scraptown | Received an X-ray algorithm 3929 | -8/Scraptown | Ran an X-ray algorithm 4001 | -8/Scraptown | Delivered Scrap Shield to a Scientist 4182 | -8/Scraptown | Visited DA-N13 Charitable Foundation 4216 | -8/Scraptown | Visited Abandonware Association 4233 | -8/Scraptown | Learned abandonware demo "HACKBUD.EXE" 4278 | -8/Scraptown | Visited Junk Repository 4527 | -8/Scraptown | Found Botcube 5843 | -8/Scraptown | Met Optimus 5843 | -8/Scraptown | Accepted into 0bPrime 6243 | -8/Scraptown | Civil war broke out across Scraptown 6245 | -8/Scraptown | Entered Factory 6245 | -6/Factory | Evolved 8 slots: Propulsion x3, Utility x3, Weapon x2 6246 | -6/Factory | Loaded intel: 53 interactive machine locations 6623 | -6/Factory | Build established: Tank 6690 | -6/Factory | Loaded intel: 8 recycling unit locations 6925 | -6/Factory | Build established: Gunner 7017 | -6/Factory | Found Prototype Launcher 7017 | -6/Factory | Identified Scatter Rocket Array 7189 | -6/Factory | Lost 5 parts (1n2u2w) 7252 | -6/Factory | Learned location of Protoforge (-2) 7399 | -6/Factory | Lost 3 parts (1n1u1w) 7464 | -6/Factory | Lost 3 parts (2n1u) 7467 | -6/Factory | Discovered new exit (range 7) 7600 | -6/Factory | Entered Lower Caves 7602 | -6/Lower Caves | UFD Scientist delivered a prototype 7603 | -6/Lower Caves | Found Prototype Protection 7716 | -6/Lower Caves | Encountered a Warlord checkpoint 7753 | -6/Lower Caves | Attracted the attention of an 0b10 checkpoint 7787 | -6/Lower Caves | Build established: Scavenger-Gunner 8103 | -6/Lower Caves | Discovered new exit (range 14) 8121 | -6/Lower Caves | Learned Factory terminal intel 8164 | -6/Lower Caves | Entered another Lower Caves area 8236 | -6/Lower Caves | Discovered new exit (range 13) 8672 | -6/Lower Caves | Learned Factory terminal intel 8994 | -6/Lower Caves | Encountered a Warlord checkpoint 9108 | -6/Lower Caves | Attracted the attention of an 0b10 checkpoint 9568 | -6/Lower Caves | Discovered new exit (range 15) 9589 | -6/Lower Caves | Entered Data Miner 9589 | -6/Data Miner | Discovered new exit (range 6) 9609 | -6/Data Miner | Met Data Miner 9654 | -6/Data Miner | Learned location of Section 7 (-2) 9654 | -6/Data Miner | Acquired the access code to Warlord's prototype stash 9662 | -6/Data Miner | Received God Mode back door access code from Data Miner 9686 | -6/Data Miner | Entered Proximity Caves 9776 | -5/Proximity Caves | Spotted B-75 Beast 9787 | -5/Proximity Caves | Destroyed B-75 Beast 9880 | -5/Proximity Caves | Attracted the attention of an 0b10 checkpoint 10111 | -5/Proximity Caves | Attracted the attention of an 0b10 outpost 10185 | -5/Proximity Caves | Lost 4 parts (1p2n1w) 10513 | -5/Proximity Caves | Discovered new exit (range 9) 10765 | -5/Proximity Caves | Build established: Scavenger-Mutant 10886 | -5/Proximity Caves | Entered Factory 10886 | -5/Factory | Evolved 2 slots: Power x1, Utility x1 10887 | -5/Factory | Loaded intel: 28 terminal locations 11428 | -5/Factory | Build established: Scavenger-Gunner 11972 | -5/Factory | Identified Enh. Scrap Shield 12004 | -5/Factory | System corruption reached 10% 12151 | -5/Factory | Discovered new exit (range 16) 12342 | -5/Factory | Discovered new exit (range 15) 12425 | -5/Factory | Entered Extension 12479 | -5/Extension | Rescued a captive Derelict 12481 | -5/Extension | Rescued a captive Derelict 12722 | -5/Extension | Rescued a captive Derelict 12803 | -5/Extension | Build established: Scavenger-Tank 12919 | -5/Extension | Botcube activated 12939 | -5/Extension | Botcube completed mutation into treaded form, armed with 2 guns. 13104 | -5/Extension | Rescued a captive Derelict 13105 | -5/Extension | Rescued a captive Derelict 13174 | -5/Extension | Rescued a captive Derelict 13203 | -5/Extension | Build established: Scavenger-Gunner 13525 | -5/Extension | Disrupted transfer network 13620 | -5/Extension | Spotted B-75 Beast 13636 | -5/Extension | Destroyed B-75 Beast 13678 | -5/Extension | Spotted B-75 Beast 13696 | -5/Extension | Destroyed B-75 Beast 13705 | -5/Extension | Lost 5 allies 13774 | -5/Extension | Rescued A7 13856 | -5/Extension | Rescued a captive Derelict 13960 | -5/Extension | System corruption reached 30% 14022 | -5/Extension | Build established: Scavenger-Tank 14209 | -5/Extension | Rescued a captive Derelict 14210 | -5/Extension | Rescued a captive Derelict 14225 | -5/Extension | First assault squad dispatched 14273 | -5/Extension | Discovered new exit (range 10) 14276 | -5/Extension | Discovered new exit (range 6) 14310 | -5/Extension | Entered Cetus 14310 | -5/Cetus | Accompanied by 10 allies (A7) 14315 | -5/Cetus | Acquired a Cetus Manufacturing Module code from A7 14333 | -5/Cetus | Spotted Cetus Guard 14334 | -5/Cetus | Spotted Cetus Guard 14339 | -5/Cetus | Spotted Cetus Guard 14339 | -5/Cetus | Spotted Cetus Guard 14348 | -5/Cetus | Destroyed Cetus Guard 14353 | -5/Cetus | Allies destroyed Cetus Guard 14356 | -5/Cetus | Allies destroyed Cetus Guard 14360 | -5/Cetus | Allies destroyed Cetus Guard 14388 | -5/Cetus | Lost 3 allies 14455 | -5/Cetus | Ran an X-ray algorithm 14483 | -5/Cetus | Started Cetus Manufacturing Module 14494 | -5/Cetus | Escorted A7 to Cetus Mainframe 14508 | -5/Cetus | Manufactured an Enhanced Grunt 14533 | -5/Cetus | Manufactured an Enhanced Grunt 14537 | -5/Cetus | Ran an X-ray algorithm 14558 | -5/Cetus | Manufactured an Enhanced Grunt 14572 | -5/Cetus | Discovered new exit (range 16) 14583 | -5/Cetus | Manufactured an Enhanced Grunt 14608 | -5/Cetus | Manufactured an Enhanced Grunt 14648 | -5/Cetus | Entered Archives 14648 | -5/Archives | Accompanied by 12 allies (A7) 14655 | -5/Archives | Received a hacking code to weaken MAIN.C 14692 | -5/Archives | Lost 3 allies 14726 | -5/Archives | Unable to access archive contents 14726 | -5/Archives | Ran an X-ray algorithm 14738 | -5/Archives | Unable to access archive contents 14764 | -5/Archives | Discovered new exit (range 15) 14771 | -5/Archives | Unable to access archive contents 14776 | -5/Archives | Discovered new exit (range 13) 14783 | -5/Archives | Unable to access archive contents 14788 | -5/Archives | Discovered new exit (range 14) 14899 | -5/Archives | Entered Factory 14899 | -4/Factory | Accompanied by 8 allies 14899 | -4/Factory | Evolved 2 slots: Propulsion x1, Utility x1 14900 | -4/Factory | Loaded intel: 25 terminal locations 15177 | -4/Factory | Loaded intel: 8 recycling unit locations 16207 | -4/Factory | Spotted B-86 Titan 16230 | -4/Factory | Allies destroyed B-86 Titan 16573 | -4/Factory | Identified exit to Upper Caves 16962 | -4/Factory | Destroyed 10 combat bots 17022 | -4/Factory | Incoming investigation squad redirected 17099 | -4/Factory | Spotted B-86 Titan 17117 | -4/Factory | Destroyed B-86 Titan 17149 | -4/Factory | First assault squad dispatched 17172 | -4/Factory | High security lockdown imminent 17189 | -4/Factory | Build established: Scavenger-Gunner 17219 | -4/Factory | Entered Upper Caves 17573 | -4/Upper Caves | Discovered new exit (range 13) 17593 | -4/Upper Caves | Entered another Upper Caves area 17594 | -4/Upper Caves | Encountered a Warlord checkpoint 17685 | -4/Upper Caves | Discovered new exit (range 5) 17912 | -4/Upper Caves | Core integrity fell below 50% 17935 | -4/Upper Caves | System corruption reached 10% 18193 | -4/Upper Caves | Entered Research 18193 | -3/Research | Evolved 2 slots: Utility x2 18194 | -3/Research | Identified exit to Armory 18471 | -3/Research | Entered Armory 18626 | -3/Armory | Destroyed 7 combat bots 18630 | -3/Armory | Lost 3 parts (1p1u1w) 18907 | -3/Armory | Build established: Scavenger-Skirmisher 19221 | -3/Armory | First assault squad dispatched 19232 | -3/Armory | Build established: Hacker-Skirmisher 19312 | -3/Armory | System corruption reached 10% 19355 | -3/Armory | Core integrity fell below 50% 19381 | -3/Armory | Lost 14 parts (2p6n5u1w) 19382 | -3/Armory | Discovered new exit (range 15) 19417 | -3/Armory | Core integrity fell below 20% 19420 | -3/Armory | Destroyed by H-77 Assassin with High-powered Shotgun Last Messages --------------- 19394_ Slammed into Y-72 Warden. 19397_ > PCFQHQGWMF7|S &UA92PBNL 19397_ Adv. Terrain Scanner destroyed. 19397_ Slug penetrates Arsenal Racks. 19400_ Arsenal Racks disabled. 19404_ Slug penetrates Wall. 19404_ Penetrated by Slug. 19407_ Slug penetrates Wall. 19408_ Penetrated by Slug. 19410_ Slug penetrates Wall. 19411_ Slug penetrates Fabricator. 19411_ Penetrated by Slug. 19411_ Slug penetrates Fabricator. 19413_ System corrupted: IFF burst signal emitted. 19413_ Slug penetrates Wall. 19415_ Slug penetrates Fabricator. 19415_ Slug penetrates Y-72 Warden. 19416_ B-74 Champion suffers critical hit (Destroy). 19416_ Penetrated by Slug. 19420_ Slug penetrates Wall. Map ----- +----------------------------------------------------+ | ?"???##????#??""#??##??#???????#?####?############ | | ????????#?##?"???????#?#?#?#???####?####?######### | | ??? ##??#??#?"????###???###################?###### | | ???? ?#?? ?? ? ??? ! ???# ################ | | ?? ?? # ???? ? ??? ?# =]=]]* ################ | | ?????#? ???????"??""""?# =*=]]= ?########?####### | | ? ?? # ??"""?""?? """" ? ?###?######## | | ??? ???????"????"???"" ####+################## #" | | ?? ?? ? "?""???????""? " ## # # ## | | ##+#????? ?????? ??? ?# % ## # | | ###########+######### """ # # | | "" """ = ! # | | "T ^ """ % % [%!"% | | ## ################## F" ## "### !=] " | | ###### #?##?#?????#???#?# """ ## # ## " | | ? ##?# #???########?#??##^ "" ## # # ### | | ???## ##?##""""###?#?#?# p ##### # # ### | | ???## #?###"F "######### h ####### # ### | | ???#?# ##?# ################# | | ??#### #### #?############### | | ? + ##"" """ g ################# | | ??#### ##"" """ #### ###+###?#??############ | | #### ##"T "" #### # ? ? ######## | | ####?# ##"" F"" #### #?? ? ? ?######## | | # ##"" """ #### #? "?? ""??""" ######## | | # #### ####@ # ?""????"?""" + | | + ##?# # ?"?"??"? "?" ######## | | """" ####/##/##########?# # ? ? ? ? ######## | | ???" ## % ###?## #??#????#????#??######? | | "?" ?# """ """ ""#?# ?###?#??? ? ? """"" # | | """?## """ """ ""#?? ?#???#??????? ?"""? # | | ???"?## """ """ Y"####//####? ??????? ?""?"???# | | ???"?## """ """ ""# Y ????#??????????? ?? # | | ?? ?## """ "" ""# < ?????#???????????? ?# | | ? ? ## """ """ ###? ??#??????????????????? | | ???#??# """ """ ##???#++#??# ?? ? ???????????? | | # ??#?# #??#?? ? ??? ??#??????????????? | | # ?#??# #??#??? ?#?? ?????????????????? | | # ##### ##??#? ###????^??????????????? | | # + ! ##???????#????????????????????? | | #####################??????#?## ?????????????????? | | #???#?#?##???#?###??##??#? ?##???????????????????? | | ? ?? #??????##????##?#?????#????????????????????? | | ?? ???##?##????###??##??? ???????????????????????? | | ?" ? ????#?#?#?????#???? ?##????????????????????? | | ??? ????##?#??# ????? ?#? ?###? ?#???????????????? | | ?"??? ????##### ??"??"??????#????????????????????? | | ??? ?###?#??#??"??"????????#???????????????????? | | ?#?##+???????#???"???"???????#? ?????????????????? | | ? ????#?#?#?#?? ??????+ ?????? ?????????????????? | +----------------------------------------------------+ Best States ------------- Heat Dissipation 84 Coolant Potential 50 Energy Generation 45 Energy Capacity 600 Matter Stores 300 Matter Capacity 300 Sight Range 16 Robot Scan Range 16 Terrain Scan Range 20 Terrain Scan Density 210 Additional Mass Support 12 Base Temperature (-) 200 Armor Coverage 800 Phase Shifting 5 Evasion (%) 60 Targeting Accuracy 8 Recoil Reduction 5 Particle Charging 20 Offensive Hacking 22 Defensive Hacking 14 Item Schematics ----------------- Combat Drone Bay | -6/Data Miner | Free Lgt. Regenerative Plating | -6/Data Miner | Free Cld. Gravmag System | -6/Data Miner | Free Imp. Matter Compressor | -6/Data Miner | Free Tesla Bomb Launcher | -6/Data Miner | Free Centrium Wheel | -6/Data Miner | Free Adv. Transmission Jammer | -6/Data Miner | Free Hardcell Cannon | -6/Data Miner | Free Imp. Arc Projector | -6/Data Miner | Free Myomer Leg | -6/Data Miner | Free Adv. Point Defense System | -6/Data Miner | Free Robot Schematics ------------------ G-50 Soldier | -6/Data Miner | Free L-41 Fighter | -6/Data Miner | Free R-10 Processor | -6/Data Miner | Free Fabricated ------------ Nothing Repaired ---------- Nothing Studied --------- Railgun | -5/Factory | Hacked Alien Tech Used ----------------- None Achievements -------------- Deductive Reasoning Frankenstein I Laugh At Your Crits Loot Taster Nice Directions, Buddy Resistances Are Futile Sprinter Turtlemind Uncivil War Challenges ------------ None Game ------ Seed MinesnifferSuspensionLegs Manual? 0 Play Time 04:10:06 Cumulative 151.1 hours Start 2025.11.23 @ 17:59:49 End 2025.11.27 @ 18:54:18 Sessions 7 Manual Loads 0 Difficulty Rogue Special Mode None Game No. 64 Rogue 64 Adventurer 0 Explorer 0 Win Type - Total 10 Types 10/0/0/0/0/0/0/0/0/0 Lore% 69 Gallery% 63 Achievement% 33 Wizard Run 0 Options --------- Layout 0 ASCII 0 Keyboard 1 Movement Numpad Keybinds 0 Fullscreen 1 Font 18/Cog Map View 76x50 Zoom Use 2% Tactical HUD 1 Map Filters NONE Filters NONE Steam 1 RUN: fecf6e03-0d3c-461c-9b63-13bb9d405e95